 Dungeon Crawl Stone Soup version 0.18-a0-1203-gbde16db (webtiles) character file.

5502 Kidiri the Thaumaturge (level 10, -12/56 HPs)
             Began as a Deep Elf Conjurer on Jan 31, 2016.
             Was a Believer of Sif Muna.
             Mangled by an orc warrior
             ... wielding a +0 mace
              (20 damage)
             ... on level 8 of the Dungeon.
             The game lasted 00:40:00 (12221 turns).

Kidiri the Thaumaturge (Deep Elf Conjurer)         Turns: 12221, Time: 00:40:00

Health: -12/56     AC:  9    Str:  5    XL:     10   Next: 42%
Magic:  11/27      EV: 18    Int: 24    God:    Sif Muna [**....]
Gold:   450        SH:  8    Dex: 15    Spells: 8 memorised, 2 levels left

rFire  . . .     SeeInvis .     F - +3 dagger
rCold  + + .     Gourm    .     j - +1 leather armour {rC+}
rNeg   . . .     Faith    .     o - +3 buckler
rPois  .         Spirit   .     (no helmet)
rElec  .         Dismiss  .     i - +2 cloak
rCorr  .         Reflect  .     r - +1 pair of gloves
SustAt +         Harm     +     (no boots)
MR     ++...     Clarity  +     K - amulet of harm
Stlth  +++.......               G - ring of sustain attributes
                                x - +3 ring of evasion

@: very slightly contaminated, very resistant to hostile enchantments, fairly
stealthy
A: fangs 1, talons 1, blink, blurry vision 1, clarity, cold resistance 1,
deterioration 1, high mp 1, magic resistance 1, sense surroundings 2, screaming
1, evolution 1
a: Blink, Channel Energy, Forget Spell, Renounce Religion


You were on level 8 of the Dungeon.
You worshipped Sif Muna.
Sif Muna was pleased with you.
You were not hungry.

You visited 2 branches of the dungeon, and saw 10 of its levels.

You collected 450 gold pieces.

Inventory:

Hand Weapons
 w - a +0 quarterstaff
 E - a +1 short sword of holy wrath
 F - a +3 dagger (weapon)
Armour
 i - a +2 cloak (worn)
 j - a +1 leather armour of cold resistance (worn)
 o - a +3 buckler (worn)
 r - a +1 pair of gloves (worn)
Jewellery
 x - a +3 ring of evasion (left hand)
 z - an uncursed ring of magical power
 A - an uncursed ring of protection from magic
 C - an uncursed ring of wizardry
 G - a ring of sustain attributes (right hand)
 J - an uncursed ring of protection from magic
 K - an amulet of harm (around neck)
Wands
 f - a wand of lightning (4/15)
 h - a wand of random effects (22/48)
 B - a wand of confusion (48/48)
Scrolls
 d - 3 scrolls of teleportation
 l - 2 scrolls of remove curse
 p - 2 scrolls of blinking
 y - 2 scrolls of fear
Potions
 e - 2 potions of might {unknown}
 k - 2 potions of brilliance {unknown}
 m - a potion of agility
 n - a potion of resistance
 q - 3 potions of cure mutation {unknown}
 t - 2 potions of invisibility {unknown}
 u - 3 potions of flight
 v - 3 potions of heal wounds {unknown}
 D - a potion of lignification {unknown}
 I - a potion of ambrosia {unknown}
Books
 b - a book of Conjurations

   Spells                             Type                      Level
   a - Magic Dart                     Conjuration                  1
   b - Searing Ray                    Conjuration                  2
   c - Dazzling Spray                 Conjuration/Hexes            3
   d - Fulminant Prism                Conjuration/Hexes            4
   e - Iskenderun's Mystic Blast      Conjuration                  4
   f - Iskenderun's Battlesphere      Conjuration/Charms           5
 H - a book of the Dragon

   Spells                             Type                      Level
   a - Flame Tongue                   Conjuration/Fire             1
   b - Cause Fear                     Hexes                        4
   c - Bolt of Fire                   Conjuration/Fire             6
   d - Dragon Form                    Transmutation                7
   e - Dragon's Call                  Summoning                    9
Comestibles
 c - 6 bread rations
 g - 4 beef jerkies


   Skills:
 + Level 3.1 Fighting
 + Level 1.0 Staves
 * Level 3.8 Armour
 * Level 7.2 Dodging
 + Level 6.2 Stealth
 + Level 3.8 Shields
 * Level 8.7 Spellcasting
 * Level 7.8 Conjurations
 + Level 5.6 Hexes
 + Level 3.2 Charms
 + Level 2.5 Fire Magic
 + Level 3.9 Invocations
 + Level 2.3 Evocations


You had 2 spell levels left.
You knew the following spells:

 Your Spells              Type           Power        Failure   Level  Hunger
a - Magic Dart            Conj           ####         1%          1    None
b - Searing Ray           Conj           #####.       1%          2    None
c - Dazzling Spray        Conj/Hex       #####...     1%          3    None
d - Iskenderun's Mystic   Conj           #####...     4%          4    ##.....
e - Fulminant Prism       Conj/Hex       #####.....   10%         4    ##.....
f - Iskenderun's Battles  Conj/Chrm      #####...     30%         5    ####...
g - Flame Tongue          Conj/Fire      #####        1%          1    None
h - Cause Fear            Hex            #####.....   12%         4    ##.....


Dungeon Overview and Level Annotations

Branches:
Dungeon (9/15)             Temple (1/1) D:6            Lair (0/8) D:8
    Orc: D:9-12

Altars:
Ashenzari
Cheibriados
Dithmenos
Elyvilon
Fedhas
Gozag
Kikubaaqudgha
Makhleb
Nemelex Xobeh
Okawaru
Pakellas
Qazlal
Ru
Sif Muna
Vehumet
Xom
Yredelemnul
Zin
The Shining One

Shops:
D:6 (


Innate Abilities, Weirdness & Mutations

You have very sharp teeth.
You have sharp toenails.
You can translocate small distances at will.
Scrolls take you a little longer to read.
You possess an exceptional clarity of mind.
Your flesh is cold resistant.
Your body sometimes deteriorates upon taking damage.
You have an increased reservoir of magic (+10% MP).
You are resistant to hostile enchantments.
You passively map the area around you.
You occasionally shout uncontrollably at your foes.
You evolve.


Message History

The orc warrior is no longer blind.
The orc warrior hits you with a mace!!
* * * LOW HITPOINT WARNING * * *
Your body deteriorates!
You feel dopey for a moment.
You are too injured to fight recklessly!
Casting: Flame Tongue
Confirm with . or Enter, or press ? or * to list all spells.
Aiming: Dazzling Spray
Press: ? - help, Shift-Dir - straight line, f/p - orc warrior
Aim: an orc warrior, wielding a mace and wearing a plate armour (heavily wounded)
The spray of energy misses the orc warrior.
The orc warrior misses you.
Drink which item? (? for menu, Esc to quit)
Okay, then.
Casting: Dazzling Spray
Confirm with . or Enter, or press ? or * to list all spells.
You miscast Cause Fear.
You are very lightly contaminated with residual magic.
Your hands glow momentarily.
The orc warrior hits you with a mace!
You die...

##%..............# ###.
#.%%............# ###...
##.........###..## ###..###
##.........####..####...##
###...........# #.........#
##.............####........#
###...####.....[..###........#
.....## #.........##........#
...### ##....o@...#........##
..## #...>...............# .##
##..)...............### .#
#..................... .##
##................#### ..#
#..............### ..##
###.[..........### #..##
##.........#....##
#...######..........#.....#


You could see an orc warrior.

Vanquished Creatures
  Joseph (D:8)
  A komodo dragon (D:8)
  A troll (D:6)
  A hippogriff (D:8)
  Menkaure (D:5)
  Duvessa (D:5)
  3 ice beasts
  2 orc warriors
  2 sky beasts
  A phantom (D:4)
  3 black bears (D:6)
  4 ogres
  4 centaurs
  6 giant frogs
  4 scorpions
  A wyvern skeleton (D:5)
  Dowan (D:5)
  A water moccasin skeleton (D:8)
  5 killer bees (D:8)
  7 wights
  4 crimson imps
  A giant frog zombie (D:8)
  A centaur zombie (D:6)
  5 orc priests
  5 hounds
  8 orc wizards
  A giant frog skeleton (D:9)
  A gnoll shaman (D:9)
  12 worker ants
  An iguana (D:8)
  A mummy (D:5)
  2 hound skeletons
  A worker ant zombie (D:5)
  4 gnolls
  10 adders
  A shadow imp (D:7)
  4 oozes
  2 adder zombies
  3 adder skeletons
  3 worms
  4 giant geckos
  38 orcs
  7 giant cockroaches
  4 goblins (D:1)
  5 hobgoblins
  11 jackals
  3 quokkas
  5 bats
  A giant gecko skeleton (D:4)
  3 giant newts
  4 kobolds
  7 rats
212 creatures vanquished.

Vanquished Creatures (others)
  5 plants (D:8)
5 creatures vanquished.

Grand Total: 217 creatures vanquished

Notes
Turn   | Place    | Note
--------------------------------------------------------------
     0 | D:1      | Kidiri the Deep Elf Conjurer began the quest for the Orb.
     0 | D:1      | Reached XP level 1. HP: 10/10 MP: 6/6
   373 | D:1      | Reached XP level 2. HP: 16/16 MP: 2/8
   382 | D:1      | Learned a level 2 spell: Searing Ray
   787 | D:1      | Noticed an ogre
   880 | D:1      | Killed an ogre
   880 | D:1      | Reached skill level 1 in Fighting
   880 | D:1      | Reached skill level 5 in Conjurations
   880 | D:1      | Reached XP level 3. HP: 20/20 MP: 4/10
   880 | D:1      | Reached XP level 4. HP: 25/25 MP: 4/12
   885 | D:1      | Learned a level 3 spell: Dazzling Spray
   890 | D:1      | Learned a level 4 spell: Iskenderun's Mystic Blast
  1936 | D:2      | Reached XP level 5. HP: 29/29 MP: 7/13
  2259 | D:3      | Gained mutation: You possess an exceptional clarity of mind. [potion of mutation]
  2259 | D:3      | Gained mutation: Scrolls take you a little longer to read. [potion of mutation]
  2259 | D:3      | Gained mutation: You occasionally shout uncontrollably at your foes. [potion of mutation]
  2404 | D:3      | Found a deep blue altar of Sif Muna.
  2410 | D:3      | Became a worshipper of Sif Muna the Loreminder
  2533 | D:3      | Reached skill level 1 in Armour
  2804 | D:3      | Found a glowing golden altar of the Shining One.
  3289 | D:4      | Found an opulent altar of Gozag.
  3307 | D:4      | Reached skill level 5 in Spellcasting
  3471 | D:4      | Learned a level 4 spell: Fulminant Prism
  3493 | D:4      | Reached skill level 1 in Shields
  3493 | D:4      | Reached XP level 6. HP: 34/34 MP: 9/15
  3622 | D:4      | Found a white marble altar of Elyvilon.
  3634 | D:4      | Found a sparkling altar of Nemelex Xobeh.
  3691 | D:4      | Found an ancient bone altar of Kikubaaqudgha.
  3692 | D:4      | Found a blossoming altar of Fedhas.
  3965 | D:4      | Reached skill level 1 in Hexes
  4392 | D:5      | Entered Level 5 of the Dungeon
  4540 | D:5      | Noticed Duvessa
  4666 | D:5      | Reached skill level 1 in Invocations
  4740 | D:5      | Reached XP level 7. HP: 38/38 MP: 12/17
  4975 | D:5      | Noticed Dowan
  4995 | D:5      | Killed Dowan
  5118 | D:5      | Reached skill level 6 in Spellcasting
  5297 | D:5      | Killed Duvessa
  5486 | D:5      | Gained mutation: Your flesh is cold resistant. [potion of mutation]
  5486 | D:5      | Gained mutation: You evolve. [potion of mutation]
  5486 | D:5      | Gained mutation: You passively map a small area around you. [potion of mutation]
  5651 | D:5      | Noticed Menkaure
  5697 | D:5      | Killed Menkaure
  5697 | D:5      | Reached XP level 8. HP: 32/44 MP: 13/19
  5742 | D:5      | Learned a level 5 spell: Iskenderun's Battlesphere
  5813 | D:5      | Found a snail-covered altar of Cheibriados.
  5901 | D:5      | Reached * piety under Sif Muna
  5980 | D:5      | Found a basalt altar of Yredelemnul.
  6100 | D:6      | Reached skill level 5 in Dodging
  6224 | D:6      | Gained mutation: You have an increased reservoir of magic (+10% MP). [potion of beneficial mutation]
  6260 | D:6      | Found Hiereer's Weapon Boutique.
  6356 | D:6      | Found a radiant altar of Vehumet.
  6373 | D:6      | Reached skill level 7 in Spellcasting
  6459 | D:6      | Gained mutation: You can translocate small distances at will. [evolution]
  6948 | D:6      | Found a shattered altar of Ashenzari.
  6957 | D:6      | Found a staircase to the Ecumenical Temple.
  6967 | D:6      | Learned a level 1 spell: Flame Tongue
  7060 | D:6      | Reached skill level 5 in Stealth
  7160 | D:6      | Reached XP level 9. HP: 48/48 MP: 24/24
  7479 | D:6      | Reached skill level 1 in Evocations
  7619 | D:6      | Noticed a troll
  8093 | Temple   | Entered the Ecumenical Temple
  8205 | D:6      | Reached skill level 1 in Fire Magic
  8293 | D:6      | Killed a troll
  8293 | D:6      | Reached skill level 1 in Charms
  8469 | D:6      | Reached ** piety under Sif Muna
  8477 | D:6      | Gained mutation: You are resistant to hostile enchantments. [mutagenic meat]
  8478 | D:6      | Gained mutation: You have sharp toenails. [mutagenic meat]
  8479 | D:6      | Gained mutation: Your body sometimes deteriorates upon taking damage. [mutagenic meat]
  8480 | D:6      | Gained mutation: You passively map the area around you. [mutagenic meat]
  8703 | D:7      | Reached skill level 8 in Spellcasting
  8823 | D:7      | Learned a level 4 spell: Cause Fear
  9185 | D:7      | Found an oddly glowing altar of Pakellas.
  9191 | D:7      | Found a shimmering altar of Xom.
  9322 | D:7      | Reached skill level 5 in Hexes
 10113 | D:8      | Noticed Joseph
 10182 | D:8      | Killed Joseph
 10182 | D:8      | Reached XP level 10. HP: 49/54 MP: 9/26
 10398 | D:8      | Found a staircase to the Lair.
 10583 | D:8      | Gained mutation: You have very sharp teeth. [evolution]
 11097 | D:8      | Found a glowing silver altar of Zin.
 11200 | D:8      | Reached skill level 1 in Staves
 12221 | D:8      | Mangled by an orc warrior

Vault maps used:
D:1:      dpeg_arrival_leaves_temple_mockup, st_stairs_13, hex_large
D:3:      led_sif_pool, old_standard_altar
D:4:      grunt_temple_overflow_growth_and_decay, overflow_temple_1_default,
          amethyst_overflow_temple_binary, first_bread
D:5:      slow_altar_2, lemuel_doored_altar, uniq_menkaure, uniq_duvessa
D:6:      grunt_temple_overflow_open, minmay_temple_entry_statues_pillars,
          serial_shops, shop_fountains
D:7:      wad_crossroads, lemuel_crystal_altar, overflow_temple_1_default
D:8:      kennysheep_little_box, david_lair_shrubbed, uniq_joseph
D:9:      bloody_trog, david_orc_3, serial_shops, shop, uniq_grum, uniq_erica
Temple:   nicolae_temple_hex_pool_5

Action                   |  1- 3 |  4- 6 |  7- 9 | 10-12 || total
-------------------------+-------+-------+-------+-------++-------
Melee: Unarmed           |     4 |       |       |       ||     4
       Dagger            |       |     4 |    20 |    38 ||    62
       Whip              |       |    21 |     9 |       ||    30
       Short sword       |       |       |    58 |       ||    58
 Cast: Magic Dart        |    40 |   132 |   146 |    39 ||   357
       Searing Ray       |     1 |     7 |    30 |     2 ||    40
       Dazzling Spray    |       |       |    37 |    24 ||    61
       Iskenderun's Myst |       |       |     5 |     6 ||    11
       Flame Tongue      |       |       |    13 |    30 ||    43
       Iskenderun's Batt |       |       |       |     1 ||     1
  Use: Scroll            |       |     8 |    14 |       ||    22
       Potion            |       |     1 |     3 |       ||     4
 Stab: Sleeping          |       |     1 |     4 |     2 ||     7
       Invisible         |       |       |     7 |     1 ||     8
  Eat: Chunk             |       |    10 |     9 |     4 ||    23
       Meat ration       |       |     1 |     2 |     1 ||     4
